 Dungeon Crawl Stone Soup version 0.19-a0-1223-gf83d13a (webtiles) character file.

74 Ryco the Firebug (level 4, -13/24 HPs)
             Began as a Deep Elf Fire Elementalist on Aug 24, 2016.
             Mangled by an ogre
             ... wielding a +0 giant spiked club
              (21 damage)
             ... on level 4 of the Dungeon.
             The game lasted 00:05:02 (516 turns).

Ryco the Firebug (Deep Elf Fire Elementalist)        Turns: 516, Time: 00:05:03

Health: -13/24     AC:  3    Str:  5    XL:     4   Next: 10%
Magic:  0/11       EV: 13    Int: 21    God:
Gold:   64         SH:  0    Dex: 15    Spells: 3 memorised, 2 levels left

rFire  . . .     SeeInvis .     e - +0 dagger
rCold  . . .     Gourm    .     a - +0 robe
rNeg   . . .     Faith    .     (no shield)
rPois  .         Spirit   .     (no helmet)
rElec  .         Dismiss  .     i - +0 cloak
rCorr  .         Reflect  .     (no gloves)
MR     .....     Harm     .     (no boots)
Stlth  ++........               (no amulet)
                                (no ring)
                                (no ring)

@: no status effects
A: no striking features
a: no special abilities


You were on level 4 of the Dungeon.
You were not hungry.

You visited 1 branch of the dungeon, and saw 4 of its levels.

You collected 64 gold pieces.

Inventory:

Hand Weapons
 e - a +0 dagger (weapon)
Armour
 a - a +0 robe (worn)
 i - a +0 cloak (worn)
Scrolls
 j - 3 scrolls of recharging
Potions
 g - a potion of curing {unknown}
 h - a potion of cancellation {unknown}
 l - a potion of heal wounds {unknown}
Books
 b - a book of Flames

   Spells                             Type                      Level
   a - Flame Tongue                   Conjuration/Fire             1
   b - Throw Flame                    Conjuration/Fire             2
   c - Conjure Flame                  Conjuration/Fire             3
   d - Inner Flame                    Hexes/Fire                   3
   e - Sticky Flame                   Conjuration/Fire             4
   f - Fireball                       Conjuration/Fire             5
Comestibles
 c - 3 bread rations
 d - a slice of pizza
 f - a meat ration


   Skills:
 + Level 0.2 Fighting
 + Level 3.0 Dodging
 - Level 2.4 Stealth
 + Level 3.6 Spellcasting
 * Level 1.3 Conjurations
 + Level 4.7 Fire Magic


You had 2 spell levels left.
You knew the following spells:

 Your Spells              Type           Power        Failure   Level  Hunger
a - Flame Tongue          Conj/Fire      ###..        4%          1    None
c - Conjure Flame         Conj/Fire      ###.....     14%         3    ###....
s - Sticky Flame          Conj/Fire      ###.....     41%         4    ####...


Dungeon Overview and Level Annotations

Branches:
Dungeon (4/15)             Temple (0/1) D:4

Altars:

Annotations:
D:4 cykablyat's ghost, amateur DECj


Message History

The flame tongue hits the ogre.
The ogre is heavily wounded.
The ogre closely misses you.
You hit the ogre.
The ogre is heavily wounded.
Cykablyat's ghost gestures at you while chanting.
The magic dart hits you!
Unknown command.
You hit the ogre but do no damage.
The ogre is heavily wounded.
Cykablyat's ghost casts a spell at you. The magic dart hits you!
The ogre closely misses you.
Unknown command.
You barely miss the ogre.
The ogre is heavily wounded.
Cykablyat's ghost gestures at you while chanting.
The magic dart hits you!
The ogre hits you with a giant spiked club!!
Ouch! That really hurt!
You die...

#.....# *,***** *
#.....# *,** #.....##
*,,* #......###
**,****** #%...O.>.#
**,,,,,,* ###.####.#
*,,,,,,,* ** #.# #.###
*,,,,,,,* *, #.#
#...######.#****** *,
#.#
###.O@§W...#*********,
*** #O#
######...#*,,,,,,,,,
,,* #†#
****,,...,,<,,,**, ,,*
#.# *,,,,***.,,,,,,**,
..* #.# **,**>*
*,,,,,,,*,, ..#####.#
**,,,,,* **,,,,,,*,*
......#.# *,,*****
*,,,>,,*,* ......#.#
*,** *,,,,,,*,*
........## *,*
*,,,,,,,,*


You could see an ogre and cykablyat's ghost.

Vanquished Creatures
  An orc wizard (D:4)
  2 adders
  A worm (D:3)
  A dart slug (D:1)
  An orc (D:3)
  3 giant cockroaches
  3 goblins
  A hobgoblin (D:2)
  3 kobolds
  A quokka (D:4)
  3 bats
  A giant newt (D:1)
  3 rats
24 creatures vanquished.

Notes
Turn   | Place    | Note
-------+----------+-------------------------------------------
     0 | D:1      | Ryco the Deep Elf Fire Elementalist began the quest for the Orb.
     0 | D:1      | Reached XP level 1. HP: 10/10 MP: 6/6
   175 | D:1      | Reached XP level 2. HP: 13/15 MP: 0/8
   271 | D:2      | Reached skill level 4 in Fire Magic
   334 | D:2      | Reached XP level 3. HP: 17/19 MP: 2/9
   339 | D:2      | Learned a level 3 spell: Conjure Flame
   437 | D:4      | Reached XP level 4. HP: 21/24 MP: 0/11
   457 | D:3      | Learned a level 4 spell: Sticky Flame
   468 | D:4      | Noticed an ogre
   497 | D:4      | Found a staircase to the Ecumenical Temple.
   507 | D:4      | Noticed cykablyat's ghost (amateur DECj)
   516 | D:4      | Mangled by an ogre

Vault maps used:
D:1:      minmay_arrival_stone_box
D:2:      first_bread
D:3:      serial_glass, glass_columns_a, glass_columns_b, due_unseen_surprise,
          item_on_display_a
D:4:      kennysheep_generic_room_12, uniq_crazy_yiuf_cottage

Skill      XL: |  1  2  3  4 |
---------------+-------------+-----
Fire Magic     | 4 |  4.7
Dodging        | 3 |  3.0
Fighting       | |  0.2
Stealth        | |  2.4
Spellcasting   | |  3.6
Conjurations   | |  1.3

Action                   |  1- 3 |  4- 6 || total
-------------------------+-------+-------++-------
Melee: Dagger            |     9 |     5 ||    14
 Cast: Flame Tongue      |    38 |     5 ||    43
       Conjure Flame     |       |     2 ||     2
  Use: Scroll            |       |     2 ||     2
 Stab: Sleeping          |     4 |     1 ||     5
Armor: Robe              |    13 |     3 ||    16
Dodge: Dodged            |    16 |     8 ||    24
